 Dungeon Crawl Stone Soup version 0.28.0-45-g0d030f2227 (webtiles) character file.

Game seed: 7136503942354142947

9678 DearestLeader the Blocker (level 11, -6/89 HPs)
             Began as a Gnoll Fighter on Apr 4, 2022.
             Was an Elder of Okawaru.
             Mangled by an orc warrior
             ... wielding a +0 war axe
              (14 damage)
             ... in a bailey.
             The game lasted 00:15:09 (10382 turns).

DearestLeader the Blocker (Gnoll Fighter)          Turns: 10382, Time: 00:15:09

Health: -6/89      AC: 10    Str: 19    XL:     11   Next: 50%
Magic:  20/20      EV: 14    Int:  7    God:    Okawaru [****..]
Gold:   356        SH: 11    Dex: 13    Spells: 22/22 levels left

rFire   . . .      SeeInvis .   O - +3 war axe
rCold   + . .      Faith    .   c - +0 buckler
rNeg    . . .      Spirit   .   A - +3 leather armour {rPois}
rPois   +          Reflect  +   D - +0 helmet
rElec   .          Harm     .   m - +0 cloak
rCorr   .          Rampage  .   (no gloves)
Will    .....                   (no boots)
Stlth   +++.......              l - amulet of reflection
HPRegen 0.24/turn               b - ring of protection from cold
MPRegen 0.17/turn               (no ring)

@: no status effects
A: fangs 1, strong nose, distributed training
a: Renounce Religion, Heroism, Finesse


You were in a bailey.
You worshipped Okawaru.
Okawaru was greatly pleased with you.
You visited 2 branches of the dungeon, and saw 9 of its levels.
You also visited: Bailey.

You collected 356 gold pieces.

Inventory:

Hand Weapons
 y - a +1 flail of holy wrath
 B - a +1 flail of draining
 L - a +0 broad axe
 O - a +3 war axe (weapon)
Missiles
 o - 18 poisoned darts (quivered)
 v - 12 bolts
 C - 4 throwing nets
Armour
 c - a +0 buckler (worn)
 f - a +0 plate armour
 m - a +0 cloak (worn)
 u - an orb of wrath
 A - a +3 leather armour of poison resistance (worn)
 D - a +0 helmet (worn)
 F - a +0 kite shield
Jewellery
 b - a ring of protection from cold (left hand)
 l - an amulet of reflection (around neck)
 r - a ring of fire
Wands
 G - a wand of paralysis (10)
 H - a wand of flame (19)
Scrolls
 j - a scroll of silence
 p - 2 scrolls of fear
 x - a scroll of immolation
 E - a scroll of blinking {unknown}
 J - a scroll of teleportation {unknown}
 K - a scroll of enchant weapon {unknown}
 M - a scroll of noise {unknown}
 N - a scroll of summoning
Potions
 d - a potion of might
 e - a potion of flight {unknown}
 g - a potion of mutation {unknown}
 h - 3 potions of invisibility
 i - 2 potions of haste
 k - 2 potions of ambrosia
 n - a potion of heal wounds {unknown}
 q - a potion of lignification {unknown}
 s - a potion of brilliance {unknown}
 t - a potion of magic
 w - 2 potions of attraction
 z - 2 potions of cancellation {unknown}
 I - a potion of degeneration {unknown}


   Skills:
 + Level 9.3 Fighting
 + Level 6.4 Short Blades
 + Level 6.4 Long Blades
 + Level 8.0 Axes
 + Level 6.4 Maces & Flails
 + Level 6.4 Polearms
 + Level 6.4 Staves
 + Level 6.4 Slings
 + Level 6.4 Bows
 + Level 6.4 Crossbows
 + Level 6.4 Throwing
 + Level 9.3 Armour
 + Level 6.4 Dodging
 + Level 6.4 Stealth
 + Level 9.3 Shields
 + Level 6.4 Unarmed Combat
 + Level 6.4 Spellcasting
 + Level 5.3 Conjurations
 + Level 5.3 Hexes
 + Level 5.3 Summonings
 + Level 5.3 Necromancy
 + Level 5.3 Translocations
 + Level 5.3 Transmutations
 + Level 5.3 Fire Magic
 + Level 5.3 Ice Magic
 + Level 5.3 Air Magic
 + Level 5.3 Earth Magic
 + Level 5.3 Poison Magic
 + Level 7.0 Invocations
 + Level 6.4 Evocations


You had 22 spell levels left.
You didn't know any spells.
Your spell library contained the following spells:

 Spells                   Type           Power      Damage    Failure   Level
 Foxfire                  Conj/Fire      36%        2x1d5     3%          1
 Corpse Rot               Necr/Air       18%        N/A       6%          2
 Ensorcelled Hibernation  Hex/Ice        18%        N/A       6%          2
 Passwall                 Tmut/Erth      7%         N/A       6%          2
 Poisonous Vapours        Pois/Air       18%        N/A       6%          2
 Sublimation of Blood     Necr           9%         N/A       6%          2
 Wereblood                Tmut           9%         N/A       6%          2
 Conjure Flame            Conj/Fire      9%         6-21      12%         3
 Inner Flame              Hex/Fire       9%         N/A       12%         3
 Swiftness                Air            9%         N/A       12%         3
 Flame Wave               Conj/Fire      9%         2d5       36%         4
 Summon Hydra             Summ           Unusable   N/A       N/A         7

Dungeon Overview and Level Annotations

Branches:
Dungeon (8/15)             Temple (1/1) D:4          Bailey (1/1)
   Lair: D:8-11

Altars:
Cheibriados
Elyvilon
Gozag
Hepliaklqana
Kikubaaqudgha
Makhleb
Nemelex Xobeh
Okawaru
Qazlal
Ru
Trog
Uskayaw
Vehumet
Xom
Yredelemnul
Zin

Shops:
D:6 *   D:7 *[


Innate Abilities, Weirdness & Mutations

You have very sharp teeth.
Your uncanny sense of smell can sniff out nearby items.
Your experience applies equally to all skills.


Message History

Your Short Blades skill increases to level 6!
Your Long Blades skill increases to level 6!
Your Axes skill increases to level 8!
Your Maces & Flails skill increases to level 6!
Your Polearms skill increases to level 6!
Your Staves skill increases to level 6!
Your Slings skill increases to level 6!
Your Bows skill increases to level 6!
Your Crossbows skill increases to level 6!
Your Throwing skill increases to level 6!
Your Armour skill increases to level 9!
Your Dodging skill increases to level 6!
Your Stealth skill increases to level 6!
Your Shields skill increases to level 9!
Your Unarmed Combat skill increases to level 6!
Your Spellcasting skill increases to level 6!
Your Conjurations skill increases to level 5!
Your Hexes skill increases to level 5!
Your Summonings skill increases to level 5!
Your Necromancy skill increases to level 5!
Your Translocations skill increases to level 5!
Your Transmutations skill increases to level 5!
Your Fire Magic skill increases to level 5!
Your Ice Magic skill increases to level 5!
Your Air Magic skill increases to level 5!
Your Earth Magic skill increases to level 5!
Your Poison Magic skill increases to level 5!
Your Invocations skill gained 2 levels and is now at level 7!
Your Evocations skill increases to level 6!
You have reached level 11!
The orc hits you with a +0 hand axe.
* * * LOW HITPOINT WARNING * * *
You block the orc warrior's attack. The orc closely misses you.
You block the orc's attack. The orc hits you but does no damage.
The orc hits you with a +0 short sword.
* * * LOW HITPOINT WARNING * * *
You block the orc's attack.
It was a potion of magic.
Magic courses through your body. You block the orc's attack.
The orc warrior hits you with a +0 war axe!
You die...

##.......## ##..
#.......# #.. ##)))..##
##. ##)#### ##
##.....## ##. #.......#
#.. ##.......## ##..
#...ooo...#∆∆∆∆∆∆∆#...
##...o@o...##∆∆∆∆∆##...
#....ooo....#######....
##.........##.....##...
#.........#.......#...
##.......##.......##..
#.......).........)..
##.....##)........##.
#######.....)))...##
##.........##


You could see an orc warrior (strong) and 7 orcs.

Vanquished Creatures
  An orc knight (Bailey)
  A vampire (D:6)
  5 yaks (D:7)
  A water moccasin (D:7)
  Edmund (D:6)
  10 orc warriors
  2 black bears (D:7)
  2 ice beasts (D:7)
  3 sky beasts (D:5)
  An ogre (D:5)
  A centaur (D:7)
  A phantom (D:4)
  A kobold brigand (D:6)
  A bullfrog (D:7)
  A gnoll sergeant (D:7)
  A scorpion (D:5)
  7 wights (D:7)
  A centaur zombie (D:7)
  3 centaur skeletons
  3 orc priests
  Crazy Yiuf (D:2)
  2 hounds
  3 jellies (D:3)
  3 iguanas
  Jessica (D:2)
  A gnoll shaman (D:6)
  Natasha (thrice) (D:2)
  2 orc wizards
  14 gnolls
  5 adders
  A shadow imp (D:6)
  An ufetubus (D:5)
  2 dart slugs
  17 orcs
  A bat (D:1)
  18 endoplasms
  A giant cockroach (D:2)
  11 hobgoblins
  6 jackals
  19 kobolds
  4 quokkas
  5 ball pythons
  4 frilled lizards
  23 goblins
  8 rats
203 creatures vanquished.

Vanquished Creatures (others)
  A kobold (D:3)
  2 fungi (D:3)
  16 plants (D:6)
  11 toadstools (D:3)
30 creatures vanquished.

Grand Total: 233 creatures vanquished

Notes
Turn   | Place    | Note
-------+----------+-------------------------------------------
     0 | D:1      | DearestLeader the Gnoll Fighter began the quest for the
                  | Orb.
     0 | D:1      | Reached XP level 1. HP: 23/23 MP: 1/1
   104 | D:1      | Reached XP level 2. HP: 19/29 MP: 2/2
   429 | D:1      | Found a faded altar of an unknown god.
   594 | D:1      | Reached XP level 3. HP: 35/35 MP: 3/3
  1069 | D:2      | Reached skill level 1 in Invocations
  1182 | D:2      | Found a hide-covered altar of Uskayaw.
  1284 | D:2      | Noticed Jessica
  1288 | D:2      | Killed Jessica
  1289 | D:2      | Reached skill level 1 in Short Blades
  1289 | D:2      | Reached skill level 1 in Long Blades
  1289 | D:2      | Reached skill level 1 in Maces & Flails
  1289 | D:2      | Reached skill level 1 in Polearms
  1289 | D:2      | Reached skill level 1 in Staves
  1289 | D:2      | Reached skill level 1 in Slings
  1289 | D:2      | Reached skill level 1 in Bows
  1289 | D:2      | Reached skill level 1 in Crossbows
  1289 | D:2      | Reached skill level 1 in Throwing
  1289 | D:2      | Reached skill level 1 in Dodging
  1289 | D:2      | Reached skill level 1 in Stealth
  1289 | D:2      | Reached skill level 1 in Unarmed Combat
  1289 | D:2      | Reached skill level 1 in Spellcasting
  1289 | D:2      | Reached skill level 1 in Evocations
  1289 | D:2      | Reached XP level 4. HP: 39/41 MP: 5/5
  1337 | D:2      | Found a runed translucent door.
  1338 | D:2      | Noticed Crazy Yiuf
  1453 | D:2      | Noticed Natasha
  1459 | D:2      | Killed Natasha
  1460 | D:2      | Reached skill level 1 in Conjurations
  1460 | D:2      | Reached skill level 1 in Hexes
  1460 | D:2      | Reached skill level 1 in Summonings
  1460 | D:2      | Reached skill level 1 in Necromancy
  1460 | D:2      | Reached skill level 1 in Translocations
  1460 | D:2      | Reached skill level 1 in Transmutations
  1460 | D:2      | Reached skill level 1 in Fire Magic
  1460 | D:2      | Reached skill level 1 in Ice Magic
  1460 | D:2      | Reached skill level 1 in Air Magic
  1460 | D:2      | Reached skill level 1 in Earth Magic
  1460 | D:2      | Reached skill level 1 in Poison Magic
  1912 | D:2      | Noticed Natasha
  1931 | D:2      | Killed Natasha
  1932 | D:2      | Reached XP level 5. HP: 25/47 MP: 5/7
  1982 | D:2      | Noticed Natasha
  1986 | D:2      | Killed Natasha
  2112 | D:2      | Killed Crazy Yiuf
  2621 | D:3      | Reached XP level 6. HP: 23/53 MP: 8/8
  2940 | D:3      | Reached skill level 5 in Axes
  3220 | D:3      | Found a basalt altar of Yredelemnul.
  3617 | D:4      | Found a staircase to the Ecumenical Temple.
  3629 | Temple   | Entered the Ecumenical Temple
  3657 | Temple   | Became a worshipper of Warmaster Okawaru
  3980 | D:4      | Reached XP level 7. HP: 59/59 MP: 10/10
  4459 | D:5      | Entered Level 5 of the Dungeon
  5000 | D:5      | Reached * piety under Okawaru
  5216 | D:5      | Found a large runed translucent door.
  5217 | D:5      | Found a large runed translucent door.
  5250 | D:5      | Found a sacrificial altar of Ru.
  5511 | D:5      | Reached XP level 8. HP: 51/67 MP: 12/12
  6122 | D:5      | Found a sparkling altar of Nemelex Xobeh.
  6133 | D:5      | Found a hide-covered altar of Uskayaw.
  6287 | D:6      | Reached ** piety under Okawaru
  6512 | D:6      | Noticed Edmund
  6529 | D:6      | Killed Edmund
  6840 | D:6      | Found Zupikhlalu's General Store.
  6981 | D:6      | Found an ancient bone altar of Kikubaaqudgha.
  6982 | D:6      | Noticed a vampire
  6993 | D:6      | Killed a vampire
  7682 | D:6      | Reached XP level 9. HP: 72/72 MP: 14/14
  7847 | D:7      | Found Xyot's Antique Armour Shop.
  8073 | D:7      | Reached *** piety under Okawaru
  8091 | D:7      | Reached skill level 5 in Invocations
  8418 | D:7      | Found Koing's Elemental Accessories.
  8871 | D:7      | Reached XP level 10. HP: 68/80 MP: 17/17
  8986 | D:7      | Reached **** piety under Okawaru
  9299 | D:8      | Found a flagged portal.
  9306 | Bailey   | Entered a bailey
  9577 | Bailey   | Reached skill level 5 in Short Blades
  9577 | Bailey   | Reached skill level 5 in Long Blades
  9577 | Bailey   | Reached skill level 5 in Maces & Flails
  9577 | Bailey   | Reached skill level 5 in Polearms
  9577 | Bailey   | Reached skill level 5 in Staves
  9577 | Bailey   | Reached skill level 5 in Slings
  9577 | Bailey   | Reached skill level 5 in Bows
  9577 | Bailey   | Reached skill level 5 in Crossbows
  9577 | Bailey   | Reached skill level 5 in Throwing
  9577 | Bailey   | Reached skill level 5 in Dodging
  9577 | Bailey   | Reached skill level 5 in Stealth
  9577 | Bailey   | Reached skill level 5 in Unarmed Combat
  9577 | Bailey   | Reached skill level 5 in Spellcasting
  9577 | Bailey   | Reached skill level 5 in Evocations
 10197 | Bailey   | Noticed an orc knight
 10219 | Bailey   | Killed an orc knight
 10381 | Bailey   | Reached skill level 5 in Conjurations
 10381 | Bailey   | Reached skill level 5 in Hexes
 10381 | Bailey   | Reached skill level 5 in Summonings
 10381 | Bailey   | Reached skill level 5 in Necromancy
 10381 | Bailey   | Reached skill level 5 in Translocations
 10381 | Bailey   | Reached skill level 5 in Transmutations
 10381 | Bailey   | Reached skill level 5 in Fire Magic
 10381 | Bailey   | Reached skill level 5 in Ice Magic
 10381 | Bailey   | Reached skill level 5 in Air Magic
 10381 | Bailey   | Reached skill level 5 in Earth Magic
 10381 | Bailey   | Reached skill level 5 in Poison Magic
 10381 | Bailey   | Reached XP level 11. HP: 10/89 MP: 18/20
 10382 | Bailey   | Mangled by an orc warrior

Illustrated notes

Levels and vault maps discovered:
D:1:      scummos_arrival_simple_crosswalls, layout_basic,
          ebering_ecumenical_altar_mist
D:2:      layout_loops_cross, basic_altar, uniq_natasha,
          uniq_crazy_yiuf_cottage, uniq_jessica
D:3:      cheibrodos_fertilizer, layout_loops_corners, marbit_many_paths
D:4:      layout_basic, temple_fountains
D:5:      layout_loops_ring, jmf_multi_god_temple2, kennysheep_little_box,
          amethyst_killhole, nicolae_underground_beach
D:6:      layout_basic, serial_shops, nicolae_shop_stone,
          kennysheep_flooded_box, lexackson_kobold_supper, uniq_edmund
D:7:      layout_basic, serial_shops, shop, nicolae_elemental_shop, st_stairs_5
D:8:      minmay_separated_statues, layout_basic, enter_ossuary_1,
          enter_bailey_3, special_room [special_room_orc],
          dilly_guarded_unrand_elemental_staff, uniq_joseph, uniq_psyche,
          uniq_gastronok
Temple:   regret_index_temple_mists
Bailey:   bailey_axe_minmay_hex_keep, bailey

Skill      XL: |  1  2  3  4  5  6  7  8  9 10 |
---------------+-------------------------------+-----
Invocations    | 1 2 3 4 5 7 |  7.0
Short Blades   | 1 2 3 4 6 |  6.4
Long Blades    | 1 2 3 4 6 |  6.4
Maces & Flails | 1 2 3 4 6 |  6.4
Polearms       | 1 2 3 4 6 |  6.4
Staves         | 1 2 3 4 6 |  6.4
Slings         | 1 2 3 4 6 |  6.4
Bows           | 1 2 3 4 6 |  6.4
Crossbows      | 1 2 3 4 6 |  6.4
Throwing       | 1 2 3 4 6 |  6.4
Dodging        | 1 2 3 4 6 |  6.4
Stealth        | 1 2 3 4 6 |  6.4
Unarmed Combat | 1 2 3 4 6 |  6.4
Spellcasting   | 1 2 3 4 6 |  6.4
Evocations     | 1 2 3 4 6 |  6.4
Conjurations   | 1 2 3 5 |  5.3
Hexes          | 1 2 3 5 |  5.3
Summonings     | 1 2 3 5 |  5.3
Necromancy     | 1 2 3 5 |  5.3
Translocations | 1 2 3 5 |  5.3
Transmutations | 1 2 3 5 |  5.3
Fire Magic     | 1 2 3 5 |  5.3
Ice Magic      | 1 2 3 5 |  5.3
Air Magic      | 1 2 3 5 |  5.3
Earth Magic    | 1 2 3 5 |  5.3
Poison Magic   | 1 2 3 5 |  5.3
Axes           | 5 6 8 |  8.0
Fighting       | 7 8 9 |  9.3
Armour         | 7 8 9 |  9.3
Shields        | 7 8 9 |  9.3

Action                   |  1- 3 |  4- 6 |  7- 9 | 10-12 || total
-------------------------+-------+-------+-------+-------++-------
Melee: War axe           |    94 |   137 |   176 |   141 ||   548
       Bite              |     7 |    10 |    47 |     7 ||    71
       Flail             |       |       |   195 |       ||   195
Invok: Heroism           |       |       |     1 |     1 ||     2
       Finesse           |       |       |       |     1 ||     1
Evoke: Wand              |       |       |       |     1 ||     1
  Use: Scroll            |       |       |     8 |     1 ||     9
       Potion            |       |       |     4 |     3 ||     7
 Stab: Sleeping          |       |       |     1 |     1 ||     2
Armor: Scale mail        |    40 |    34 |    48 |       ||   122
       Leather armour    |       |       |    73 |    14 ||    87
Dodge: Dodged            |    49 |    34 |   145 |    52 ||   280
Block: Buckler           |    28 |    58 |   210 |    82 ||   378
       Reflection        |       |     2 |     1 |       ||     3
